 Dungeon Crawl Stone Soup version 0.19.1-1-g22dce08 (webtiles) character file.

138 HessuHobo the Conjurer (level 5, -3/28 HPs)
             Began as a Deep Elf Conjurer on Dec 28, 2016.
             Killed from afar by an orc wizard (6 damage)
             ... with a puff of frost
             ... on level 3 of the Dungeon.
             The game lasted 00:06:57 (3524 turns).

HessuHobo the Conjurer (Deep Elf Conjurer)          Turns: 3524, Time: 00:06:57

Health: -3/28      AC:  2    Str:  6    XL:     5   Next: 1%
Magic:  3/11       EV: 13    Int: 20    God:
Gold:   124        SH:  0    Dex: 15    Spells: 3 memorised, 2 levels left

rFire  . . .     SeeInvis .     f - -3 dagger (curse)
rCold  . . .     Gourm    .     n - +0 robe
rNeg   . . .     Faith    .     (no shield)
rPois  .         Spirit   .     (no helmet)
rElec  .         Reflect  .     (no cloak)
rCorr  .         Harm     .     (no gloves)
MR     .....                    (no boots)
Stlth  ++........               (no amulet)
                                (no ring)
                                (no ring)

@: no status effects
A: no striking features
a: no special abilities


You were on level 3 of the Dungeon.
You were not hungry.

You visited 1 branch of the dungeon, and saw 3 of its levels.

You collected 124 gold pieces.

Inventory:

Hand Weapons
 e - a +0 short sword
 f - a cursed -3 dagger (weapon)
Armour
 a - a +0 robe
 n - a +0 robe (worn)
Jewellery
 j - an uncursed ring of flight {unknown}
Wands
 d - a wand of polymorph (14/24)
Scrolls
 g - a scroll of remove curse {unknown}
 i - 2 scrolls of amnesia {unknown}
Books
 b - a book of Conjurations

   Spells                             Type                      Level
   a - Magic Dart                     Conjuration                  1
   b - Searing Ray                    Conjuration                  2
   c - Dazzling Spray                 Conjuration/Hexes            3
   d - Fulminant Prism                Conjuration/Hexes            4
   e - Iskenderun's Mystic Blast      Conjuration                  4
   f - Iskenderun's Battlesphere      Conjuration/Charms           5
Comestibles
 c - 3 bread rations
 h - a chunk of flesh


   Skills:
 + Level 0.4 Fighting
 - Level 2.4 Dodging
 - Level 2.4 Stealth
 - Level 3.0 Spellcasting
 + Level 6.9 Conjurations


You had 2 spell levels left.
You knew the following spells:

 Your Spells              Type           Power        Failure   Level  Hunger
a - Magic Dart            Conj           ####         1%          1    None
b - Searing Ray           Conj           ####..       1%          2    ##.....
c - Iskenderun's Battles  Conj/Chrm      ###.....     89%         5    ######.


Dungeon Overview and Level Annotations

Branches:
Dungeon (3/15)

Altars:
Elyvilon
Sif Muna

Annotations:
D:3 Dolanko's ghost, amateur KoHu


Message History

The orc wizard begins to cast a cantrip, but forgets the words!
The orc wizard points at you and mumbles some strange words.
The puff of flame hits you!
The orc wizard gestures at you while chanting.
The puff of frost misses you. The orc wizard casts a spell at you.
The magic dart hits you!
* * * LOW HITPOINT WARNING * * *
The orc wizard begins to cast a cantrip, but forgets the words!
The orc wizard points at you and mumbles some strange words.
The magic dart hits you!
* * * LOW HITPOINT WARNING * * *
Found a bread ration.
There is a stone staircase leading down here.
You can't go up here!
You aren't carrying any potions.
Okay, then.
The orc wizard casts a spell at you. The puff of frost hits you!
You die...

#.##.#>.# ####.......#
....# ...........#
......# ######.#####
..... #......# ....
##.###.# ... ### #.# #.#
####.#####.###
#.....@..>..^#
#.##.#.###o#.######. #
#.#.##..........%
#................
###.##.##.####.#
#>####.#####.#
####............####.#
####.###########........#
# #..#.#### #.####.....


You could see an orc wizard.

Vanquished Creatures
  7 adders
  An ooze (D:1)
  2 worms (D:2)
  2 dart slugs
  A leopard gecko (D:1)
  5 giant cockroaches
  4 goblins
  6 hobgoblins
  8 jackals
  A quokka (D:2)
  A ball python (D:2)
  7 bats
  4 frilled lizards
  6 kobolds
  8 rats
63 creatures vanquished.

Notes
Turn   | Place    | Note
-------+----------+-------------------------------------------
     0 | D:1      | HessuHobo the Deep Elf Conjurer began the quest for the Orb.
     0 | D:1      | Reached XP level 1. HP: 10/10 MP: 6/6
   216 | D:1      | Reached skill level 5 in Conjurations
   216 | D:1      | Reached XP level 2. HP: 12/15 MP: 2/8
   728 | D:1      | Reached XP level 3. HP: 19/19 MP: 6/9
  1196 | D:2      | Reached skill level 6 in Conjurations
  1215 | D:2      | Reached XP level 4. HP: 17/24 MP: 5/10
  1405 | D:2      | Learned a level 2 spell: Searing Ray
  2189 | D:2      | Found a deep blue altar of Sif Muna.
  2189 | D:2      | Found a white marble altar of Elyvilon.
  3128 | D:3      | Noticed Dolanko's ghost (amateur KoHu)
  3315 | D:3      | Reached XP level 5. HP: 28/28 MP: 6/11
  3360 | D:3      | Learned a level 5 spell: Iskenderun's Battlesphere
  3524 | D:3      | Killed from afar by an orc wizard

Skill      XL: |  1  2  3 |
---------------+----------+-----
Conjurations   | 5 6 |  6.9
Fighting       | |  0.4
Dodging        | |  2.4
Stealth        | |  2.4
Spellcasting   | |  3.0

Action                   |  1- 3 |  4- 6 || total
-------------------------+-------+-------++-------
Melee: Unarmed           |     1 |       ||     1
       Dagger            |       |    37 ||    37
 Cast: Magic Dart        |    66 |    74 ||   140
       Searing Ray       |       |     7 ||     7
  Use: Scroll            |     2 |     2 ||     4
       Potion            |       |     4 ||     4
  Eat: Chunk             |     1 |     4 ||     5
       Beef jerky        |       |     2 ||     2
Armor: Robe              |       |     5 ||     5
Dodge: Dodged            |    11 |    31 ||    42
